 Dungeon Crawl Stone Soup version 0.30-a0-782-ge64f9170bb (webtiles) character file.

Game seed: 13531769107309887917

29 HoaS the Shooter (level 3, 0/21 HPs)
             Began as a Gargoyle Hunter on Feb 19, 2023.
             Slain by Natasha (4 damage)
             ... on level 2 of the Dungeon.
             The game lasted 00:01:56 (952 turns).

HoaS the Shooter (Gargoyle Hunter)                   Turns: 952, Time: 00:01:58

Health: 0/21       AC:  6    Str: 14    XL:     3   Next: 16%
Magic:  3/3        EV: 11    Int:  9    God:
Gold:   63         SH:  0    Dex: 15    Spells: 2/2 levels left

rFire   . . .      SeeInvis .    a - +0 shortbow
rCold   . . .      Faith    .    (shield currently unavailable)
rNeg    + . .      Spirit   .    c - +0 leather armour
rPois   ∞          Reflect  .    (no helmet)
rElec   +          Harm     .    (no cloak)
rCorr   .          Rampage  .    (no gloves)
Will    .....                    (no boots)
Stlth   ++                       (no amulet)
HPRegen 0.23/turn                (no ring)
MPRegen 0.08/turn                (no ring)

@: no status effects
A: sickness immunity, AC +3, negative energy resistance 1, electricity
resistance, torment resistance 1, petrification resistance
a: no special abilities


You were on level 2 of the Dungeon.
You visited 1 branch of the dungeon, and saw 2 of its levels.

You collected 63 gold pieces.

Inventory:

Hand Weapons
 a - a +0 shortbow (weapon)
Armour
 c - a +0 leather armour (worn)
Scrolls
 b - a scroll of immolation
 d - a scroll of fog {unknown}
 f - a scroll of noise {unknown}
 g - a scroll of blinking {unknown}


   Skills:
 - Level 2.1 Fighting
 + Level 5.0 Ranged Weapons
 - Level 1.5 Dodging
 - Level 1.1 Stealth


You had 2 spell levels left.
You didn't know any spells.
Your spell library contained the following spells:

 Spells                   Type           Power      Damage    Failure   Level
 Apportation              Tloc           0%         N/A       45%         1
 Necrotise                Necr           0%         1d4       45%         1
 Summon Small Mammal      Summ           0%         N/A       45%         1


Dungeon Overview and Level Annotations

Branches:
Dungeon (2/15)

Altars:

Shops:
D:1 =

Annotations:
D:2 Natasha


Innate Abilities, Weirdness & Mutations

You are immune to sickness and miasma.
Your stone body is resilient. (AC +3)
You are immune to poison.
You resist negative energy. (rN+)
You are resistant to electric shocks. (rElec)
You are resistant to unholy torment.
You are immune to petrification.


Message History

You open the door.
A rat comes into view.
Found two stone staircases leading down.
You shoot an arrow. The arrow hits the rat!
You kill the rat!
No target in view!
There is an open door here.
You open the door.
There is an open door here.
g - a scroll labelled MAANEO AFUGAC No target in view!
You open the door.
There is an open door here.
There is an open door here.
A hobgoblin comes into view.
A hobgoblin is nearby!
You shoot an arrow. The arrow hits the hobgoblin.
You kill the hobgoblin!
No target in view!
You see here a hobgoblin corpse.
Natasha, Servant of Life and Death comes into view.
Natasha hisses angrily.
Natasha is nearby!
You shoot an arrow. The arrow hits Natasha!
Natasha is heavily wounded.
Natasha stares at you and mumbles some strange words.
You feel yourself slow down.
You shoot an arrow. The arrow closely misses Natasha.
Natasha stares at you and mumbles some strange words.
The magic dart hits you!
Ouch! That really hurt!
Natasha claws you!
* * * LOW HITPOINT WARNING * * *
You are too injured to fight recklessly!
It was a potion of cancellation.
Your magical effects are unravelling.
You feel magically purged.
You feel yourself speed up. Natasha claws you.
You die...

####### #.....#
#.###.# #.# #.#
#.###.##############
#.#...........@....#
#.....#########h##....
####.##### ..# #
#........# ...#
#.##.###.# ..## #.##.#
#.# .## #.##.###.# .#
#.##.....# .#
#.#####..#


You could see Natasha.

Vanquished Creatures
  2 dart slugs
  4 endoplasms
  2 giant cockroaches
  5 hobgoblins
  3 ball pythons
  A bat (D:1)
  A frilled lizard (D:1)
  2 kobolds (D:1)
  5 rats
  A bush (D:1)
26 creatures vanquished.

Vanquished Creatures (others)
  A plant (D:1)
1 creature vanquished.

Grand Total: 27 creatures vanquished

Notes
Turn   | Place    | Note
-------+----------+-------------------------------------------
     0 | D:1      | HoaS the Gargoyle Hunter began the quest for the Orb.
     0 | D:1      | Reached XP level 1. HP: 12/12 MP: 1/1
    99 | D:1      | Reached XP level 2. HP: 17/17 MP: 2/2
   258 | D:1      | Found Kenk's Jewellery Shoppe.
   650 | D:2      | Reached XP level 3. HP: 21/21 MP: 3/3
   689 | D:2      | Reached skill level 5 in Ranged Weapons
   949 | D:2      | Noticed Natasha
   952 | D:2      | Slain by Natasha

Illustrated notes

Levels and vault maps discovered:
D:1:      scummos_arrival_hexagon, layout_rooms, serial_shops,
          nicolae_shop_hallway_stairs, serial_forest, infiniplex_forest_end_3,
          infiniplex_forest_lined_3, infiniplex_forest_clump_small,
          infiniplex_forest_lined_1, infiniplex_forest_clump_small,
          infiniplex_forest_zigzag_1, infiniplex_forest_clump_C
D:2:      layout_loops_corners, uniq_terence, uniq_natasha

Skill      XL: |  1  2  3 |
---------------+----------+-----
Ranged Weapons | 5 |  5.0
Fighting       | |  2.1
Dodging        | |  1.5
Stealth        | |  1.1

Action                     || total
---------------------------++-------
   Fire: Shortbow          ||   215
    Use: Potion            ||     1
 Armour: Leather armour    ||     1
  Dodge: Dodged            ||     3

Table legend: (Time is in decaauts)
 A = Elapsed time spent in this place.
 B = Non-inter-level travel time spent in this place.
 C = Inter-level travel time spent in this place.
 D = Time resting spent in this place.
 E = Time spent auto-exploring this place.
 F = Levels seen in this place.
 G = Mean time per level.
                   A        B        C        D        E       F      G
               +--------+--------+--------+--------+--------+-----+--------+
         Total |   1016 |    990 |     26 |      0 |    663 |   2 |  508.0 |
       Dungeon |   1016 |    990 |     26 |      0 |    663 |   2 |  508.0 |
               +--------+--------+--------+--------+--------+-----+--------+

Top non-repeatable levels by time:
     D:1: 684 daAuts
     D:2: 331 daAuts
